 Dungeon Crawl Stone Soup version 0.29-a0-82-g837932c90e (webtiles) character file.

Game seed: 3999666498265778243

30937 siradein the Fighter (level 13, 0/74 HPs)
             Began as a Vine Stalker Berserker on Feb 4, 2022.
             Was a High Priest of Trog.
             Slain by a blink frog (1 damage)
             ... while petrified by a basilisk
             ... on level 3 of the Lair of Beasts.
             The game lasted 00:52:39 (13776 turns).

siradein the Fighter (Vine Stalker Berserker)      Turns: 13776, Time: 00:52:40

Health: 0/74       AC: 23    Str: 20    XL:     13   Next: 54%
Magic:  0/14       EV:  2    Int:  7    God:    Trog [*****.]
Gold:   230        SH:  0    Dex: 27    Spells: 12/12 levels left

rFire   + . .      SeeInvis .   j - +4 lajatang (vorpal)
rCold   + . .      Faith    .   (shield currently unavailable)
rNeg    + + +      Spirit   +   X - +0 gold dragon scales
rPois   ∞          Reflect  .   I - +0 helmet
rElec   .          Harm     .   T - +1 cloak
rCorr   .          Rampage  .   (no gloves)
Will    +....                   u - +1 pair of boots
Stlth   ..........              F - amulet of magic regeneration
HPRegen 1.02/turn               t - +6 ring of dexterity
MPRegen 0.54/turn               O - ring "Zuattusi" {Wiz rN+ Dex+2}

@: petrified, marked
A: fangs 3, regeneration 1, magic shield, antimagic bite, no potion heal 2
a: Renounce Religion, Berserk, Trog's Hand, Brothers in Arms


You were on level 3 of the Lair of Beasts.
You worshipped Trog.
Trog was extremely pleased with you.
You visited 2 branches of the dungeon, and saw 15 of its levels.

You collected 1091 gold pieces.
You spent 861 gold pieces at shops.

Inventory:

Hand Weapons
 j - a +4 vorpal lajatang (weapon)
 A - a +5 dire flail of freezing
 Z - a +1 great mace
Missiles
 b - 7 atropa-tipped darts
 l - 38 poisoned darts (quivered)
 m - 6 javelins
 r - 6 boomerangs
 D - 4 silver javelins
 Y - a curare-tipped dart
Armour
 u - a +1 pair of boots (worn)
 I - a +0 helmet (worn)
 T - a +1 cloak (worn)
 X - +0 gold dragon scales (worn)
Jewellery
 t - a +6 ring of dexterity (left hand)
 F - an amulet of magic regeneration (around neck)
 G - a ring of flight
 K - a ring of positive energy
 N - a ring of willpower
 O - the ring "Zuattusi" (right hand) {Wiz rN+ Dex+2}
   (You found it on level 10 of the Dungeon)

   [ring of wizardry]

   It improves your spell success rate.
   Dex:       It affects your dexterity (+2).
   rN:        It protects you from negative energy.
 V - a ring of ice
Wands
 o - a wand of flame (42)
 z - a wand of iceblast (19)
 J - a wand of acid (6)
 L - a wand of charming (3)
 P - a wand of polymorph (15)
 R - a wand of mindburst (13)
Scrolls
 a - 2 scrolls of blinking
 c - 3 scrolls of enchant weapon
 d - a scroll of brand weapon
 g - 9 scrolls of teleportation
 k - 2 scrolls of fear
 q - a scroll of summoning
 w - 2 scrolls of fog
 x - a scroll of holy word
 y - a scroll of silence
 E - 3 scrolls of immolation {unknown}
 U - a scroll of identify
Potions
 e - a potion of flight {unknown}
 f - 4 potions of curing
 h - a potion of attraction {unknown}
 i - 5 potions of haste {unknown}
 n - a potion of berserk rage {unknown}
 p - 3 potions of lignification {unknown}
 s - 4 potions of might {unknown}
 v - 5 potions of brilliance {unknown}
 B - 4 potions of mutation {unknown}
 C - a potion of cancellation {unknown}
 H - 3 potions of heal wounds {unknown}
 M - 2 potions of degeneration {unknown}
 S - 3 potions of magic {unknown}
 W - a potion of ambrosia {unknown}
Miscellaneous
 Q - a lightning rod (4/4)


   Skills:
 + Level 11.0 Fighting
 + Level 11.0 Maces & Flails
 + Level 9.9 Armour
 + Level 9.9 Dodging


You had 12 spell levels left.
You didn't know any spells.
Your spell library was empty.

Dungeon Overview and Level Annotations

Branches:
Dungeon (12/15)            Temple (0/1) D:7            Lair (3/6) D:9
 Shoals (0/4) Lair:2        Snake (0/4) Lair:3
    Orc: D:9-12

Altars:
Ru
Uskayaw

Shops:
D:4 *   D:5 *   D:7 *   D:12 [

Annotations:
D:9 1 runed translucent door, siradein's ghost, novice VSFi
Lair:3 3 runed translucent doors, fragbeetle's ghost, journeyman TrBe


Innate Abilities, Weirdness & Mutations

You have razor-sharp teeth.
Your natural rate of healing is unusually fast.
When hurt, damage is shared between your health and your magic reserves.
Your bite disrupts and absorbs the magic of your enemies.
Potions cannot restore your health.


Message History

Your limbs are stiffening.
The blink frog blinks!
The blink frog is engulfed in a cloud of scalding steam.
The blink frog hits you but does no damage.
The blink frog blinks!
The cane toad stings you but does no damage.
The blink frog hits you but does no damage.
You have turned to stone.
The cane toad stings you.
* * * LOW HITPOINT WARNING * * *
The blink frog hits you but does no damage.
The komodo dragon hisses menacingly.
The blink frog hits you but does no damage.
The cane toad stings you but does no damage.
The blink frog hits you but does no damage.
The cane toad stings you!
* * * LOW HITPOINT WARNING * * *
The blink frog blinks!
The blink frog hits you but does no damage.
The cane toad stings you.
* * * LOW HITPOINT WARNING * * *
The blink frog hits you but does no damage.
The cane toad stings you but does no damage.
The blink frog hits you.
* * * LOW HITPOINT WARNING * * *
The cane toad stings you!
* * * LOW HITPOINT WARNING * * *
The blink frog hits you. The cane toad stings you!
* * * LOW HITPOINT WARNING * * *
The blink frog hits you but does no damage.
The blink frog hits you but does no damage.
The cane toad stings you!
* * * LOW HITPOINT WARNING * * *
The blink frog hits you!
* * * LOW HITPOINT WARNING * * *
The blink frog blinks!
The cane toad stings you!
* * * LOW HITPOINT WARNING * * *
The blink frog hits you.
You die...

##......# #........
##......# #........
#P......##
##.....#.
##.......# #.......
#..###### ##.......
####. ##........
#...#### #.........
##FlF### ##..<.....
##$lkF@.##
##...(...
#..####..##
##......
##..#§l.##..##
#...... #....#.(#
§k§.##..# #......
#....#..# F##..#..#
##.##.. #....#..#
..P..#..# ######
#....#..# .)>.≈#..#
## #....#..#
$##..#..# ##.
#....#..##.(..##†.#
### #P.


You could see a komodo dragon, a cane toad, a basilisk, 2 blink frogs and a rime
drake.

Vanquished Creatures
  6 hydras
  Erolcha (D:9)
  A catoblepas (Lair:3)
  6 death yaks (Lair:3)
  2 two-headed ogres
  2 cyclopes
  A black mamba (Lair:1)
  5 cane toads
  A gargoyle (D:10)
  5 komodo dragons
  A rime drake (Lair:1)
  2 trolls
  A polar bear (Lair:3)
  2 hornets
  Grinder (D:4)
  8 blink frogs (Lair:1)
  2 wyverns (D:7)
  2 wraiths (D:11)
  Sigmund (D:3)
  2 vampires
  2 basilisks (Lair:1)
  3 steam dragons
  31 yaks
  Grum (Lair:1)
  4 vampire mosquitoes
  2 nagas (Lair:3)
  9 water moccasins
  2 ice beasts
  9 orc warriors
  3 black bears
  A necrophage (D:7)
  11 wolves
  2 ogres (D:5)
  5 centaurs
  3 kobold brigands
  A scorpion (D:6)
  12 bullfrogs
  9 wights
  5 howler monkeys
  An electric eel (Lair:1)
  A bullfrog zombie (D:5)
  3 centaur zombies
  A centaur skeleton (D:4)
  14 orc priests
  A hound (D:5)
  2 bullfrog skeletons
  A gnoll shaman (D:8)
  5 iguanas
  18 orc wizards
  A scorpion zombie (D:5)
  4 hell rats (Lair:2)
  An ogre zombie (D:12)
  A hound zombie (D:5)
  A howler monkey zombie (D:9)
  4 gnolls
  6 adders
  4 shadow imps
  A white imp (D:7)
  An ufetubus (D:5)
  A worm (D:1)
  2 dart slugs
  47 orcs
  4 endoplasms
  A giant cockroach (D:2)
  6 goblins
  6 hobgoblins
  10 jackals
  4 quokkas
  5 ball pythons
  10 bats
  9 frilled lizards
  24 kobolds
  An orc zombie (D:12)
  4 rats
372 creatures vanquished.

Vanquished Creatures (others)
  A rime drake (Lair:3)
  8 fungi
  44 plants
53 creatures vanquished.

Grand Total: 425 creatures vanquished

Notes
Turn   | Place    | Note
-------+----------+-------------------------------------------
     0 | D:1      | siradein the Vine Stalker Berserker began the quest for the
                  | Orb.
     0 | D:1      | Reached XP level 1. HP: 11/11 MP: 2/2
   161 | D:1      | Reached XP level 2. HP: 13/16 MP: 3/3
  1308 | D:1      | Reached XP level 3. HP: 16/20 MP: 2/4
  1332 | D:2      | Reached ** piety under Trog
  1365 | D:1      | HP: 1/20 [jackal (1)]
  2303 | D:2      | HP: 1/20 [jackal (1)]
  2349 | D:2      | Gained mutation: Your natural rate of healing is unusually
                  | fast. [Vine Stalker growth]
  2349 | D:2      | Reached XP level 4. HP: 24/24 MP: 5/5
  2685 | D:3      | Found a faded altar of an unknown god.
  3078 | D:3      | Noticed Sigmund
  3084 | D:3      | Killed Sigmund
  3085 | D:3      | Reached XP level 5. HP: 16/29 MP: 6/6
  3085 | D:3      | Reached XP level 6. HP: 18/33 MP: 7/7
  3401 | D:4      | Noticed Grinder
  3415 | D:4      | Killed Grinder
  3419 | D:4      | Reached XP level 7. HP: 37/37 MP: 8/8
  3607 | D:4      | Reached *** piety under Trog
  3647 | D:4      | Found Baxeoro's General Store.
  3653 | D:4      | Bought a +1 pair of boots for 161 gold pieces
  3964 | D:5      | Entered Level 5 of the Dungeon
  4078 | D:5      | Found Dugesy's Assorted Antiques.
  4351 | D:5      | Gained mutation: You have razor-sharp teeth. [Vine Stalker
                  | growth]
  4351 | D:5      | Reached XP level 8. HP: 42/42 MP: 9/9
  4405 | D:5      | Reached skill level 5 in Fighting
  4405 | D:5      | Reached skill level 5 in Maces & Flails
  4792 | D:5      | Found a sacrificial altar of Ru.
  5117 | D:5      | Reached XP level 9. HP: 48/48 MP: 10/10
  5563 | D:6      | Reached skill level 5 in Armour
  5563 | D:6      | Reached skill level 5 in Dodging
  5912 | D:7      | Reached **** piety under Trog
  6251 | D:7      | Found a staircase to the Ecumenical Temple.
  6307 | D:7      | Found Hiru's Lightly-Used Armoury.
  7251 | D:8      | Noticed a hornet
  7260 | D:8      | Killed a hornet
  7261 | D:8      | Reached XP level 10. HP: 54/55 MP: 11/11
  7893 | D:9      | Noticed Erolcha
  7938 | D:9      | Noticed a cyclops
  7950 | D:8      | Reached ***** piety under Trog
  8255 | D:9      | Killed Erolcha
  8259 | D:9      | Killed a cyclops
  8260 | D:9      | Reached XP level 11. HP: 40/60 MP: 8/12
  8465 | D:9      | Found a staircase to the Lair.
  8547 | D:9      | You fall into a shaft and drop 3 floors!
  8577 | D:12     | Found Tumatti's Armour Emporium.
  8577 | D:12     | Noticed a two-headed ogre
  8588 | D:12     | Killed a two-headed ogre
  8676 | D:11     | Identified the +2 plate armour of Temil {rC- rCorr Int+4
                  | Dex+3}
  8752 | D:11     | Noticed a cyclops
  8759 | D:11     | Killed a cyclops
  8761 | D:10     | Entered Level 10 of the Dungeon
  8836 | D:10     | Noticed a two-headed ogre
  8866 | D:10     | Killed a two-headed ogre
  8877 | D:10     | Received a gift from Trog
  8966 | D:10     | Identified the ring "Zuattusi" {Wiz rN+ Dex+2}
  9067 | D:9      | Found a runed translucent door.
  9067 | D:9      | Noticed siradein's ghost (novice VSFi)
  9069 | D:9      | Identified the +9 trident of the Priest {vorpal, Dex+2}
 10184 | D:11     | Reached XP level 12. HP: 66/66 MP: 13/13
 10422 | D:11     | Found a hide-covered altar of Uskayaw.
 10544 | D:11     | Received a gift from Trog
 10630 | Lair:1   | Entered Level 1 of the Lair of Beasts
 10655 | Lair:1   | Noticed Grum
 10797 | Lair:1   | Killed Grum
 11295 | D:7      | Bought -2 gold dragon scales for 700 gold pieces
 12132 | Lair:2   | Reached skill level 10 in Fighting
 12257 | Lair:2   | Reached skill level 10 in Maces & Flails
 12259 | Lair:2   | Noticed a six-headed hydra
 12267 | Lair:2   | Killed a six-headed hydra
 12651 | Lair:2   | Found a staircase to the Shoals.
 12895 | Lair:3   | Noticed a death yak
 12895 | Lair:3   | Noticed a death yak
 12895 | Lair:3   | Noticed a death yak
 12895 | Lair:3   | Noticed a death yak
 12909 | Lair:3   | Killed a death yak
 12910 | Lair:3   | Reached XP level 13. HP: 63/72 MP: 14/14
 13219 | Lair:3   | Found a runed translucent gate.
 13219 | Lair:3   | Found a runed translucent gate.
 13221 | Lair:3   | Found a runed translucent gate.
 13225 | Lair:3   | Noticed fragbeetle's ghost (journeyman TrBe)
 13230 | Lair:3   | Identified the +2 robe of the Devil's Team {rF+}
 13385 | Lair:3   | Found a staircase to the Snake Pit.
 13724 | Lair:3   | Received a gift from Trog
 13776 | Lair:3   | HP: 1/74 [cane toad (5)]
 13776 | Lair:3   | Slain by a blink frog

Illustrated notes

Levels and vault maps discovered:
D:1:      scummos_arrival_forest, layout_basic
D:2:      layout_basic, minmay_misc_feat_five
D:3:      layout_loops_ring, shapermc_ecumenical_altar_acropolis,
          minmay_lizard_king, uniq_sigmund
D:4:      layout_cave_pools, serial_shops, shop, serial_column_ruins,
          column_ruins_grid_5, column_ruins_circle_small,
          column_ruins_columns_straight, column_ruins_grid_2,
          column_ruins_open_small, column_ruins_open_medium,
          column_ruins_open_tiny_water, serial_bayou_ford_a, minmay_unequal,
          uniq_grinder
D:5:      layout_basic, nicolae_ru_awakened_eye, serial_shops, shop,
          serial_bayou_pond_a, st_stairs_3, hangedman_abyss_or_decor_stabs,
          grunt_ministairs_8, kennysheep_generic_room_6
D:6:      layout_rooms
D:7:      layout_loops_cross, minmay_temple_entry_large_hall, dk_noncrumbling_4,
          corner_web_ring, minmay_shop_damaged
D:8:      layout_loops_corners, minmay_misc_feat_iff, grunt_decor_arrowhead
D:9:      layout_rooms, david_lair_shrubbed, ebering_ghost_funeral_grove,
          uniq_erolcha
D:10:     layout_irregular_city, minmay_starry_boxes
D:11:     layout_basic, nicolae_uskayaw_dance_studio
D:12:     layout_small_grid, zombieorc2_lemuel, serial_shops, shop, uniq_psyche,
          uniq_rupert
Lair:1:   layout_cave_pods, infiniplex_staircase_pool, uniq_grum
Lair:2:   layout_roguey, elwin_shoals_entry_rooms, serial_rivers,
          chequers_serial_rivers_micro_a, chequers_serial_rivers_room_a,
          chequers_serial_rivers_large_b, chequers_serial_rivers_micro_b,
          chequers_serial_rivers_micro_a
Lair:3:   layout_chaotic_city, minmay_snake_entry_guardpost_large,
          gammafunk_ghost_necromancy, ldierk_geyser, minmay_holes,
          nzn_random_ring

Skill      XL: |  1  2  3  4  5  6  7  8  9 10 11 12 13 |
---------------+----------------------------------------+-----
Fighting       | 3 4 5 7 8 9 10 11 | 11.0
Maces & Flails | 3 4 5 6 8 9 10 11 | 11.0
Armour         | 2 3 4 6 7 8 9 |  9.9
Dodging        | 2 3 4 6 7 8 9 |  9.9

Action                   |  1- 3 |  4- 6 |  7- 9 | 10-12 | 13-15 || total
-------------------------+-------+-------+-------+-------+-------++-------
Melee: Mace              |   102 |    33 |       |       |       ||   135
       Bite              |    24 |    18 |    79 |   203 |    46 ||   370
       Flail             |       |    44 |   108 |       |       ||   152
       Morningstar       |       |       |    27 |       |       ||    27
       Dire flail        |       |       |   132 |   203 |    21 ||   356
       Punch             |       |       |     1 |       |       ||     1
       Lajatang          |       |       |       |   273 |    81 ||   354
       Great mace        |       |       |       |    27 |     5 ||    32
Throw: Dart              |       |       |     2 |       |       ||     2
Invok: Trog's Hand       |     2 |     1 |     1 |     3 |       ||     7
       Berserk           |       |     2 |     1 |     1 |       ||     4
  Use: Scroll            |       |       |     6 |    10 |       ||    16
 Stab: Sleeping          |     3 |       |     3 |       |       ||     6
Armor: Animal skin       |    21 |       |       |       |       ||    21
       Ring mail         |     6 |    34 |    48 |       |       ||    88
       Plate armour      |       |       |    25 |   233 |       ||   258
       Gold dragon scale |       |       |       |   121 |   122 ||   243
Dodge: Dodged            |   107 |    64 |   156 |   323 |    48 ||   698

Table legend: (Time is in decaauts)
 A = Elapsed time spent in this place.
 B = Non-inter-level travel time spent in this place.
 C = Inter-level travel time spent in this place.
 D = Time resting spent in this place.
 E = Time spent auto-exploring this place.
 F = Levels seen in this place.
 G = Mean time per level.
                   A        B        C        D        E       F      G
               +--------+--------+--------+--------+--------+-----+--------+
         Total |  13972 |  13345 |    627 |    908 |   9139 |  15 |  931.5 |
       Dungeon |  11028 |  10466 |    562 |    881 |   6987 |  12 |  919.0 |
          Lair |   2943 |   2879 |     64 |     27 |   2151 |   3 |  981.0 |
               +--------+--------+--------+--------+--------+-----+--------+

Top non-repeatable levels by time:
     D:1: 1685 daAuts
     D:5: 1530 daAuts
     D:8: 1486 daAuts
  Lair:1: 1194 daAuts
     D:7: 1010 daAuts
  Lair:3: 1003 daAuts
     D:2: 918 daAuts
     D:9: 908 daAuts
     D:3: 894 daAuts
    D:10: 849 daAuts
  Lair:2: 745 daAuts
    D:11: 685 daAuts
     D:4: 540 daAuts
     D:6: 403 daAuts
    D:12: 118 daAuts
